 Dungeon Crawl Stone Soup version 0.31.0-32-g396128a36d (webtiles) character file.

Game seed: 18140974981343394339

44 Peloso the Shield-Bearer (level 3, 0/33 HPs)
             Began as a Minotaur Fighter on Apr 19, 2024.
             Succumbed to an adder's poison
             ... on level 2 of the Dungeon.
             The game lasted 00:01:39 (769 turns).

Peloso the Shield-Bearer (Minotaur Fighter)          Turns: 769, Time: 00:01:40

Health: 0/33       AC:  8    Str: 18 (20) XL:     3   Next: 39%
Magic:  2/2        EV:  9    Int:  2 (5)  God:
Gold:   31         SH:  4    Dex:  8 (11) Spells: 2/2 levels left

rFire   . . .        a - +0 long sword
rCold   . . .        d - +0 buckler
rNeg    . . .        b - +0 scale mail
rPois   .            (helmet restricted)
rElec   .            (no cloak)
rCorr   .            c - +0 pair of gloves
SInv    .            (no boots)
Will    .....        (no amulet) Stlth
                     (no ring)
HPRegen 0.25/turn    (no ring)
MPRegen 0.08/turn

%: no passive effects
@: lethally poisoned (0 -> -2)
A: horns 2, retaliatory headbutt
a: no special abilities


You were on level 2 of the Dungeon.
You visited 1 branch of the dungeon, and saw 3 of its levels.

You collected 31 gold pieces.

Inventory:

Hand Weapons
 a - a +0 long sword (weapon)
Armour
 b - a +0 scale mail (worn)
 c - a +0 pair of gloves (worn)
 d - a +0 buckler (worn)
Jewellery
 f - a +5 ring of evasion
Scrolls
 g - a scroll of noise {unknown}
 h - a scroll of teleportation {unknown}
Potions
 e - a potion of might


   Skills:
 + Level 4.0 Fighting
 + Level 3.0 Long Blades
 + Level 4.2 Armour
 + Level 4.3 Shields


You had 2 spell levels left.
You didn't know any spells.
Your spell library was empty.

Dungeon Overview and Level Annotations

Branches:
Dungeon (3/15)

Altars:


Innate Abilities, Weirdness & Mutations

You have a pair of horns on your head.
You reflexively headbutt those who attack you in melee.


Message History

The gnoll closely misses you. The gnoll attacks as it pursues you!
The gnoll hits you but does no damage. The gnoll attacks as it pursues you!
The gnoll hits you from afar with a +0 spear.
* * * LOW HITPOINT WARNING * * *
There is a stone staircase leading down here.
The gnoll hits you from afar with a +0 spear.
* * * LOW HITPOINT WARNING * * *
You climb downwards.
The orc shouts! x4; The rat squeaks loudly.
The hobgoblin shouts!
There is a stone staircase leading up here.
It was a potion of curing.
You feel better. You block the adder's attack.
An orc comes into view. It is wielding a +0 club.
The rat barely misses you. The adder bites you but does no damage.
You block the hobgoblin's attack. The rat bites you but does no damage.
You climb upwards.
The gnoll hits you but does no damage. The gnoll barely misses you.
There is a stone staircase leading down here.
You slash the rat!
You kill the rat!
You block the adder's attack. The adder barely misses you.
The gnoll hits you from afar with a +0 spear.
* * * LOW HITPOINT WARNING * * *
You block the hobgoblin's attack.
Unknown command.
The adder bites you but does no damage.
The hobgoblin attacks as it pursues you!
The hobgoblin barely misses you.
You see here a rat corpse.
Unknown command.
The adder barely misses you. You furiously retaliate!
You headbutt the adder! The adder attacks as it pursues you!
The adder barely misses you. The adder attacks as it pursues you!
The adder bites you.
* * * LOW HITPOINT WARNING * * *
You are poisoned.
The adder poisons you!
You feel sick. The adder attacks as it pursues you! The adder bites you.
* * * LOW HITPOINT WARNING * * *
You die...

.. ##.####.###.####
.####...............
..##.#.###.#.####.#
#......###.#.# #..
#.#..........# #..
#.)..####....# #.# #
#....#.....#.#
#.#####..†.#.##..).......
#....gS.@........#.####.#
####.###.....##..#.# #.#
#g†.# #...####..# # #.#
######## #g### #...##
#..# #.#
.......###.#####.....
...# #<#
##.............#### ..#
#.# #..............# #..
#.#####.####.#.. #.# #.
#...)g.# #.#


You could see an adder and a hobgoblin.

Vanquished Creatures
  A gnoll (D:2)
  A dart slug (D:1)
  A ribbon worm (D:2)
  4 ball pythons
  2 endoplasms
  2 giant cockroaches
  A goblin (D:2)
  A hobgoblin (D:1)
  4 jackals (D:1)
  A kobold (D:1)
  3 bats (D:2)
  2 frilled lizards (D:1)
  6 rats
29 creatures vanquished.

Notes
Turn   | Place    | Note
-------+----------+-------------------------------------------
     0 | D:1      | Peloso the Minotaur Fighter began the quest for the Orb.
     0 | D:1      | Reached XP level 1. HP: 19/19 MP: 0/0
    78 | D:1      | Reached XP level 2. HP: 22/27 MP: 1/1
   667 | D:2      | Reached XP level 3. HP: 33/33 MP: 2/2
   768 | D:2      | HP: 1/33 [adder (3)]
   769 | D:2      | Succumbed to an adder's poison

Illustrated notes

Levels and vault maps discovered:
D:1:      scummos_arrival_checkerplants, layout_basic
D:2:      layout_loops_ring
D:3:      layout_rooms, nicolae_hepliaklqana_hazy_memory,
          ebering_ghost_rock_garden, grunt_ministairs_5

Skill      XL: |  1  2  3 |
---------------+----------+-----
Shields        | 4 |  4.3
Armour         | 4 |  4.2
Fighting       | 4 |  4.0
Long Blades    | 3 |  3.0

Action                     || total
---------------------------++-------
  Melee: Long sword        ||    61
         Headbutt          ||     6
    Use: Potion            ||     5
         Scroll            ||     1
 Armour: Scale mail        ||    65
  Dodge: Dodged            ||    56
  Block: Buckler           ||    22
